 Dungeon Crawl Stone Soup version 0.20.1-1-g8b1a95d (webtiles) character file.

467 kaze the Chopper (level 6, -6/53 HPs)
             Began as a Minotaur Fighter on Nov 25, 2017.
             Killed from afar by an orc wizard (8 damage)
             ... with a puff of flame
             ... on level 4 of the Dungeon.
             The game lasted 00:05:37 (3091 turns).

kaze the Chopper (Minotaur Fighter)                 Turns: 3091, Time: 00:05:37

Health: -6/53      AC:  7    Str: 23    XL:     6   Next: 81%
Magic:  5/5        EV:  8    Int:  5    God:
Gold:   136        SH: 11    Dex: 11    Spells: 5/5 levels left

rFire    . . .     SeeInvis .   a - +2 war axe
rCold    . . .     Gourm    .   c - +1 shield
rNeg     . . .     Faith    .   b - +0 scale mail
rPois    +         Spirit   .   (helmet unavailable)
rElec    .         Reflect  .   (no cloak)
rCorr    .         Harm     .   (no gloves)
MR       .....                  (no boots)
Stlth    ..........             (no amulet)
Regen    0.2/turn               (no ring)
MPRegen  0.1/turn               (no ring)

@: no status effects
A: retaliatory headbutt, fangs 1, horns 3, agile 1, poison resistance
a: no special abilities


You were on level 4 of the Dungeon.
You were hungry.

You visited 1 branch of the dungeon, and saw 4 of its levels.

You collected 136 gold pieces.

Inventory:

Hand Weapons
 a - a +2 war axe (weapon)
Armour
 b - a +0 scale mail (worn)
 c - a +1 shield (worn)
Scrolls
 d - a scroll of identify
 e - a scroll of recharging {unknown}
 i - 2 scrolls of teleportation
 j - 3 scrolls of remove curse
 k - a scroll of enchant armour
Potions
 m - a potion of flight
 n - a potion of cancellation
Comestibles
 f - a bread ration
 g - 3 meat rations
 h - 4 royal jellies


   Skills:
 + Level 4.4 Fighting
 + Level 5.9 Axes
 + Level 5.5 Armour
 + Level 1.2 Dodging
 + Level 0.8 Stealth
 + Level 5.1 Shields


You had 5 spell levels left.
You didn't know any spells.

Dungeon Overview and Level Annotations

Branches:
Dungeon (4/15)
 Temple: D:4-7

Altars:
Elyvilon
Vehumet
Yredelemnul
The Shining One


Innate Abilities, Weirdness & Mutations

You reflexively headbutt those who attack you in melee.
You have a pair of large horns on your head.
You have very sharp teeth.
You are agile. (Dex +2)
Your system is resistant to poisons. (rPois)


Message History

a giant club; a flail; an ogre corpse; an orc corpse Unknown command.
You start resting.
You hear some strange, mumbled words.
A puff of flame appears from out of thin air!
The puff of flame hits you!
* * * LOW HITPOINT WARNING * * *
You start resting.
You block something's attack.
You start resting.
Something hits you but does no damage.
There is a strange disturbance nearby!
You closely miss something. Something hits you.
* * * LOW HITPOINT WARNING * * *
Something hits you.
* * * LOW HITPOINT WARNING * * *
You hit something but do no damage. You headbutt something!
You hear the slow rusting of a distant drain.
You hear some strange, mumbled words.
A puff of flame appears from out of thin air!
The puff of flame hits you!
You die...

. ..... .#####.....
##...#........? ###...
..........
#.....##.........
##.##..##.......#
.................#
..........@.....# ####
.#........{......# .....
..##....)....(..#
....##.##.#..........#
.......##%...........#
#. #..................#
##.###.#..#..#........##
.......................#
..........##...........#


There were no monsters in sight!

Vanquished Creatures
  2 ogres
  An orc priest (D:3)
  2 orc wizards
  A hound skeleton (D:4)
  7 gnolls
  5 adders
  An ooze (D:1)
  A dart slug (D:2)
  4 leopard geckos
  10 orcs
  2 ball pythons
  3 giant cockroaches
  4 goblins
  15 hobgoblins
  3 jackals (D:3)
  4 kobolds
  3 quokkas
  7 bats
  2 frilled lizards (D:1)
  3 rats
80 creatures vanquished.

Notes
Turn   | Place    | Note
-------+----------+-------------------------------------------
     0 | D:1      | kaze the Minotaur Fighter began the quest for the Orb.
     0 | D:1      | Reached XP level 1. HP: 19/19 MP: 0/0
   106 | D:1      | Reached XP level 2. HP: 27/27 MP: 1/1
   635 | D:1      | Reached XP level 3. HP: 33/33 MP: 2/2
   742 | D:2      | Found a radiant altar of Vehumet.
  1116 | D:2      | Reached XP level 4. HP: 29/40 MP: 3/3
  1566 | D:3      | HP: 1/40 [gnoll/spear (3)]
  1569 | D:3      | Reached XP level 5. HP: 2/46 MP: 4/4
  1859 | D:3      | Gained mutation: You are frail. (-10% HP) [potion of mutation]
  1859 | D:3      | Gained mutation: You are very frail. (-20% HP) [potion of mutation]
  1859 | D:3      | Gained mutation: Your body sometimes deteriorates upon taking damage. [potion of mutation]
  1859 | D:3      | Gained mutation: You have very sharp teeth. [potion of mutation]
  1860 | D:3      | Lost mutation: Your body sometimes deteriorates upon taking damage. [potion of mutation]
  1860 | D:3      | Lost mutation: You are very frail. (-20% HP) [potion of mutation]
  1860 | D:3      | Lost mutation: You are frail. (-10% HP) [potion of mutation]
  1860 | D:3      | Gained mutation: You are agile. (Dex +2) [potion of mutation]
  1860 | D:3      | Gained mutation: Your system is resistant to poisons. (rPois) [potion of mutation]
  1860 | D:3      | Gained mutation: You have a pair of large horns on your head. [potion of mutation]
  1986 | D:3      | Found a basalt altar of Yredelemnul.
  2483 | D:3      | Noticed an ogre
  2487 | D:3      | Killed an ogre
  2487 | D:3      | Reached skill level 5 in Axes
  2487 | D:3      | Reached skill level 5 in Armour
  2487 | D:3      | Reached skill level 1 in Dodging
  2487 | D:3      | Reached XP level 6. HP: 52/52 MP: 5/5
  2558 | D:3      | Found a glowing golden altar of the Shining One.
  2802 | D:3      | Found a white marble altar of Elyvilon.
  3085 | D:4      | Reached skill level 5 in Shields
  3090 | D:4      | HP: 2/53 [something (1)]
  3091 | D:4      | Killed from afar by an orc wizard

Skill      XL: |  1  2  3  4  5  6 |
---------------+-------------------+-----
Armour         | 4 5 |  5.5
Shields        | 4 5 |  5.1
Fighting       | 4 |  4.4
Axes           | 3 4 5 |  5.9
Dodging        | 1 |  1.2
Stealth        | |  0.8

Action                   |  1- 3 |  4- 6 || total
-------------------------+-------+-------++-------
Melee: War axe           |    68 |    80 ||   148
       Headbutt          |    10 |    21 ||    31
       Bite              |       |     5 ||     5
  Use: Scroll            |       |    10 ||    10
       Potion            |       |     5 ||     5
  Eat: Chunk             |       |     2 ||     2
       Bread ration      |       |     1 ||     1
Armor: Scale mail        |    36 |    37 ||    73
Dodge: Dodged            |    24 |    26 ||    50
Block: Shield            |    33 |    60 ||    93
